[Event "EYCC Girls U10 2021"]
[Site "Tornelo"]
[Date "2021.10.15"]
[Round "8.10"]
[White "Berezovskaya, Arina"]
[Black "Beber, Anja"]
[Result "1/2-1/2"]
[ECO "B06"]
[WhiteElo "1102"]
[BlackElo "1552"]
[Annotator "NA"]
[PlyCount "81"]
[EventDate "2021.10.15"]
[EventType "swiss"]
[EventCountry "NET"]
[SourceTitle "playchess.com"]
[Source "ChessBase"]
[SourceQuality "1"]
[TimeControl "5400+30"]

1. e4 g6 2. d4 Bg7 3. Nc3 c6 4. Nf3 d6 5. Be3 Nd7 6. Bd3 Ngf6 7. h3 Qc7 8. O-O O-O 9. Qd2 Rd8 10. Bh6 Bh8 11. Bc4 Nf8 12. Ng5 d5 13. Bxf8 Kxf8 14. e5 dxc4 15. exf6 exf6 16. Nf3 Be6 17. Ne2 Qd6 18. Qf4 Qxf4 19. Nxf4 g5 20. Nxe6+ fxe6 21. Rfe1 Kf7 22. c3 h5 23. a4 a5 24. Nd2 b5 25. Ne4 Bg7 26. Nc5 Re8 27. axb5 cxb5 28. Nb7 Bf8 29. Nxa5 Rec8 30. Nb7 Be7 31. Nc5 Rxa1 32. Rxa1 Bxc5 33. dxc5 Rxc5 34. Ra7+ Kg6 35. Rb7 Kf5 36. f3 h4 37. Rb6 Re5 38. Kf2 Rd5 39. Ke2 e5 40. Ke3 Rc5 41. Kf2 1/2-1/2

[Event "EYCC Girls U10 2021"]
[Site "Tornelo"]
[Date "2021.10.15"]
[Round "8.11"]
[White "Kuzmina, Sofya Vl"]
[Black "Lajdamik, Kinga"]
[Result "1-0"]
[ECO "E11"]
[WhiteElo "1102"]
[BlackElo "1367"]
[Annotator "NA"]
[PlyCount "123"]
[EventDate "2021.10.15"]
[EventType "swiss"]
[EventCountry "NET"]
[SourceTitle "playchess.com"]
[Source "ChessBase"]
[SourceQuality "1"]
[TimeControl "5400+30"]

1. d4 Nf6 2. c4 e6 3. Nf3 Bb4+ 4. Bd2 Qe7 5. a3 Bxd2+ 6. Nbxd2 d5 7. g3 O-O 8. Bg2 Re8 9. O-O Na6 10. Qc2 c6 11. Ng5 h6 12. Ngf3 Nc7 13. Ne5 Nd7 14. Ng4 dxc4 15. Nxc4 Nf6 16. Nge5 Ncd5 17. Rac1 Rd8 18. Na5 Qc7 19. b4 Ne7 20. Rfd1 Nfd5 21. Rd3 f6 22. Nec4 Nb6 23. Nd2 Nf5 24. Nab3 Qe7 25. e4 Nd6 26. Qc5 Na4 27. Qa5 Nb6 28. Qc5 Na4 29. Qc2 Nb6 30. Nc5 Nd7 31. d5 Nxc5 32. bxc5 Nb5 33. d6 Nxd6 34. cxd6 Rxd6 35. Qc5 Rd7 36. Qxe7 Rxe7 37. Rd8+ Kf7 38. Nc4 Rc7 39. Rcd1 Ke7 40. Rg8 Kf7 41. Rdd8 Kg6 42. Nd6 c5 43. Rxc8 Raxc8 44. Rxc8 Rd7 45. e5 fxe5 46. Nxb7 Rd1+ 47. Bf1 Ra1 48. Rxc5 Rxa3 49. Rxe5 Kf6 50. Re4 Kf5 51. Nd6+ Kf6 52. Bh3 a5 53. Rxe6+ Kg5 54. Ne4+ Kh5 55. Bf1 Ra1 56. Kg2 Re1 57. Nf6+ gxf6 58. Rxe1 f5 59. Re5 a4 60. Rxf5+ Kg4 61. Bd3 h5 62. h3# 1-0

[Event "EYCC Girls U10 2021"]
[Site "Tornelo"]
[Date "2021.10.15"]
[Round "9.1"]
[White "Gratskova, Anastasia"]
[Black "Preobrazhenskaya, Diana"]
[Result "0-1"]
[ECO "A28"]
[WhiteElo "1313"]
[BlackElo "1764"]
[Annotator "NA"]
[PlyCount "84"]
[EventDate "2021.10.15"]
[EventType "swiss"]
[EventCountry "NET"]
[SourceTitle "playchess.com"]
[Source "ChessBase"]
[SourceQuality "1"]
[TimeControl "5400+30"]

1. c4 e5 2. Nc3 Nf6 3. Nf3 Nc6 4. e3 d5 5. cxd5 Nxd5 6. Bb5 Nxc3 7. bxc3 Bd7 8. d4 exd4 9. cxd4 Bd6 10. O-O O-O 11. a4 a6 12. Bxc6 Bxc6 13. Ba3 Bxa3 14. Rxa3 Qd6 15. Ra1 Qd5 16. Rc1 Rfd8 17. Re1 Qe4 18. Rc5 Re8 19. Kh1 Rad8 20. Rg1 Rd6 21. Ne5 Rh6 22. Qf3 Rxe5 23. Rxc6 Rxc6 24. dxe5 Qxf3 25. gxf3 b5 26. axb5 axb5 27. Rb1 Rb6 28. Kg1 c5 29. Kf1 c4 30. Rb4 Kf8 31. Ke2 Ke7 32. e4 Kd7 33. Ke3 Kc6 34. Kd4 Rb8 35. Rb2 Rd8+ 36. Ke3 Kc5 37. h4 b4 38. Ra2 b3 39. Ra7 b2 40. Rb7 Rd3+ 41. Ke2 Rb3 42. Rc7+ Kb6 0-1

[Event "EYCC Girls U10 2021"]
[Site "Tornelo"]
[Date "2021.10.15"]
[Round "9.2"]
[White "Aydogan, Arya"]
[Black "Semenova, Vasilisa"]
[Result "0-1"]
[ECO "B28"]
[WhiteElo "1250"]
[BlackElo "1305"]
[Annotator "NA"]
[PlyCount "122"]
[EventDate "2021.10.15"]
[EventType "swiss"]
[EventCountry "NET"]
[SourceTitle "playchess.com"]
[Source "ChessBase"]
[SourceQuality "1"]
[TimeControl "5400+30"]

1. e4 c5 2. Nf3 a6 3. c3 e6 4. d4 cxd4 5. cxd4 d5 6. e5 Nc6 7. Bd3 Bb4+ 8. Bd2 Bxd2+ 9. Qxd2 Nge7 10. O-O Ng6 11. Nc3 Bd7 12. Rac1 Nh4 13. Be2 Nxf3+ 14. Bxf3 Na7 15. Be2 O-O 16. Bd3 Qa5 17. Qe3 Nb5 18. Nxb5 Bxb5 19. a3 Bxd3 20. Qxd3 Rac8 21. b4 Qa4 22. Rc3 Rc6 23. Rfc1 Rfc8 24. g3 h6 25. Kf1 Rxc3 26. Rxc3 Rxc3 27. Qxc3 Qb5+ 28. Ke1 Qc4 29. Kd2 b5 30. Kc2 Kf8 31. Kb2 Kg8 32. Kc2 Kh7 33. Kd2 Qxc3+ 34. Kxc3 Kg6 35. Kd3 Kg5 36. Ke3 Kg4 37. h4 f6 38. f4 fxe5 39. dxe5 g6 40. h5 g5 41. fxg5 Kxg5 42. Kd4 Kf5 43. Kd3 Kxe5 44. Ke3 Kf5 45. Kf3 d4 46. g4+ Kg5 47. Ke4 e5 48. Kf3 d3 49. Ke3 e4 50. Kxe4 d2 51. Kd5 d1=Q+ 52. Kc5 Qxg4 53. Kb6 Qe6+ 54. Ka5 Qb3 55. Kxa6 Qxa3+ 56. Kxb5 Kxh5 57. Kc4 Kg4 58. b5 Kf4 59. b6 Ke5 60. Kb5 Kd6 61. b7 Kc7 0-1

[Event "EYCC Girls U10 2021"]
[Site "Tornelo"]
[Date "2021.10.15"]
[Round "9.3"]
[White "Bashirli, Saadat"]
[Black "Blinova, Sofia"]
[Result "1/2-1/2"]
[ECO "C42"]
[WhiteElo "1284"]
[BlackElo "1297"]
[Annotator "NA"]
[PlyCount "124"]
[EventDate "2021.10.15"]
[EventType "swiss"]
[EventCountry "NET"]
[SourceTitle "playchess.com"]
[Source "ChessBase"]
[SourceQuality "1"]
[TimeControl "5400+30"]

1. e4 e5 2. Nf3 Nf6 3. Nxe5 d6 4. Nc4 Nxe4 5. Qe2 Qe7 6. Ne3 Nc6 7. Nd5 Qe5 8. Nbc3 Nxc3 9. dxc3 Qxe2+ 10. Bxe2 Kd8 11. Bg5+ Be7 12. Nxe7 Nxe7 13. Bxe7+ Kxe7 14. O-O-O Be6 15. Rhe1 Rhe8 16. Rd4 Kf8 17. Bf3 Rab8 18. b3 Red8 19. Kb2 Re8 20. Rde4 Bd7 21. Rxe8+ Bxe8 22. c4 b5 23. cxb5 Bxb5 24. Kc3 Bd7 25. Kd2 Be6 26. Re3 Ke7 27. Bd5 Rb5 28. Bxe6 fxe6 29. Rg3 Kf6 30. Rh3 h6 31. Rc3 c5 32. Rf3+ Ke7 33. Rg3 Kf6 34. Kd3 Rb4 35. Rf3+ Ke7 36. c3 Rb6 37. Kc4 a6 38. Re3 Rb8 39. Rg3 Kf6 40. h4 Rc8 41. Kd3 d5 42. Rg4 Rc6 43. h5 Kf7 44. c4 d4 45. Ke4 Rd6 46. Rg3 a5 47. a3 Rb6 48. a4 Kf6 49. f4 Rd6 50. Rf3 g6 51. hxg6 Kxg6 52. g4 Rd8 53. Rh3 Rd7 54. Rg3 Rd8 55. Rd3 Kf6 56. Rh3 Kg6 57. Kd3 Rf8 58. Ke4 Rd8 59. Rg3 Kf6 60. Kd3 Kg6 61. Ke4 Kf6 62. Rh3 Kg6 1/2-1/2

[Event "EYCC Girls U10 2021"]
[Site "Tornelo"]
[Date "2021.10.15"]
[Round "9.5"]
[White "Sokolova, Regina"]
[Black "Zeybek, Kayla Nil"]
[Result "1-0"]
[ECO "C06"]
[WhiteElo "1364"]
[BlackElo "1221"]
[Annotator "NA"]
[PlyCount "149"]
[EventDate "2021.10.15"]
[EventType "swiss"]
[EventCountry "NET"]
[SourceTitle "playchess.com"]
[Source "ChessBase"]
[SourceQuality "1"]
[TimeControl "5400+30"]

1. e4 e6 2. d4 d5 3. Nd2 Nf6 4. e5 Nfd7 5. Bd3 c5 6. c3 Nc6 7. Ne2 Qb6 8. Nf3 cxd4 9. cxd4 f6 10. exf6 Bb4+ 11. Bd2 Nxf6 12. O-O O-O 13. Bxb4 Qxb4 14. Rb1 Bd7 15. Qe1 Qd6 16. a3 Be8 17. Ng3 Bf7 18. Bb5 Bg6 19. Rc1 Nd7 20. Bxc6 bxc6 21. Qc3 Rac8 22. b4 Bf5 23. Rfe1 Bg4 24. Ne5 Nxe5 25. Rxe5 Rf7 26. f3 Bf5 27. Qc5 Qd7 28. b5 Bg6 29. bxc6 Qe7 30. a4 Qxc5 31. Rxc5 Kf8 32. Rxe6 Rfc7 33. Rd6 Bf7 34. Rd7 Ke8 35. Rxc7 Rxc7 36. Nf5 Be6 37. Nd6+ Kd8 38. Nb5 Rc8 39. Nxa7 Ra8 40. c7+ Ke7 41. c8=Q Bxc8 42. Nxc8+ Ke6 43. Nb6 Ra6 44. a5 g5 45. Rxd5 h6 46. Rc5 Kd6 47. Nc4+ Kd7 48. Ne5+ Kd6 49. g3 Ke7 50. Nc6+ Kd6 51. Nb4 Ra7 52. a6 Kd7 53. Nc6 Ra8 54. a7 Kc7 55. f4 gxf4 56. gxf4 Kd6 57. f5 Kd7 58. Nb8+ Ke7 59. Ra5 Kf6 60. Nd7+ Ke7 61. Nb6 Rg8+ 62. Kf2 Kd6 63. a8=Q Rxa8 64. Nxa8 Ke7 65. d5 Kf6 66. d6 Kf7 67. d7 Ke7 68. Rd5 Kd8 69. f6 h5 70. f7 Ke7 71. d8=Q+ Kxf7 72. Qc7+ Kg6 73. Qc6+ Kg7 74. Rd7+ Kg8 75. Qc8# 1-0

[Event "EYCC Girls U10 2021"]
[Site "Tornelo"]
[Date "2021.10.15"]
[Round "9.7"]
[White "Asachenko, Ksenia"]
[Black "Kuzmina, Sofya Vl"]
[Result "1-0"]
[ECO "B31"]
[WhiteElo "1382"]
[BlackElo "1102"]
[Annotator "NA"]
[PlyCount "123"]
[EventDate "2021.10.15"]
[EventType "swiss"]
[EventCountry "NET"]
[SourceTitle "playchess.com"]
[Source "ChessBase"]
[SourceQuality "1"]
[TimeControl "5400+30"]

1. e4 c5 2. Nf3 Nc6 3. Bb5 g6 4. O-O Bg7 5. c3 Nf6 6. Re1 O-O 7. h3 Qb6 8. Bc4 Na5 9. Bf1 Qc7 10. d4 d5 11. e5 Nd7 12. dxc5 Nxc5 13. b4 Ne4 14. bxa5 Qxa5 15. Be3 Bd7 16. Bd4 Bh6 17. Bd3 Nc5 18. Bxc5 Qxc5 19. Qc2 Bg7 20. Nd4 e6 21. Nd2 Rac8 22. Rac1 Qc7 23. N2f3 Bh6 24. Rb1 a6 25. Bf1 b5 26. Rb3 b4 27. Rxb4 a5 28. Rbb1 Qxc3 29. Qxc3 Rxc3 30. Rb7 Ba4 31. Ra7 Rc5 32. Nb3 Rc2 33. Rxa5 Bxb3 34. axb3 Rb8 35. Rb1 Rc3 36. b4 Bf8 37. b5 Bc5 38. b6 Rxb6 39. Rxc5 Rxb1 40. Rxc3 Kg7 41. Rc7 Rd1 42. Ng5 d4 43. Nxe6+ Kh6 44. Rxf7 d3 45. Rd7 d2 46. f4 g5 47. Nxg5 Kg6 48. Nf3 Kf5 49. Rxd2 Ra1 50. g3 Ra3 51. Bd3+ Ke6 52. f5+ Kf7 53. Ng5+ Ke7 54. f6+ Kf8 55. Nxh7+ Kg8 56. Ng5 Kf8 57. e6 Kg8 58. f7+ Kf8 59. e7+ Kxe7 60. Re2+ Kf8 61. Re8+ Kg7 62. f8=Q# 1-0

[Event "EYCC Girls U10 2021"]
[Site "Tornelo"]
[Date "2021.10.15"]
[Round "9.8"]
[White "Bubnova, Uliana"]
[Black "Kutateladze, Anastasia"]
[Result "1-0"]
[ECO "B42"]
[WhiteElo "1333"]
[BlackElo "1137"]
[Annotator "NA"]
[PlyCount "67"]
[EventDate "2021.10.15"]
[EventType "swiss"]
[EventCountry "NET"]
[SourceTitle "playchess.com"]
[Source "ChessBase"]
[SourceQuality "1"]
[TimeControl "5400+30"]

1. e4 c5 2. Nf3 e6 3. d4 cxd4 4. Nxd4 a6 5. Bd3 Qc7 6. O-O Nf6 7. Qe2 b6 8. c4 d6 9. Nc3 Bb7 10. f4 Nbd7 11. Bd2 Nc5 12. Bc2 Be7 13. Rae1 O-O 14. f5 e5 15. Nb3 Rac8 16. Rf3 Ne8 17. Rg3 Bh4 18. Rh3 Bxe1 19. Qxe1 Nd7 20. Bd3 Ndf6 21. Qh4 Rb8 22. g4 g6 23. Bg5 Qd8 24. Qh6 Rc8 25. Bxf6 Nxf6 26. g5 Nh5 27. f6 Qd7 28. Rxh5 Qg4+ 29. Kf1 Qf3+ 30. Ke1 Qh1+ 31. Kd2 Qg2+ 32. Ne2 Qxe2+ 33. Kxe2 gxh5 34. Qg7# 1-0

[Event "EYCC Girls U10 2021"]
[Site "Tornelo"]
[Date "2021.10.15"]
[Round "9.9"]
[White "Nahapetyan, Ani"]
[Black "Huseynova, Dinara"]
[Result "1-0"]
[ECO "B13"]
[WhiteElo "1075"]
[BlackElo "1210"]
[Annotator "NA"]
[PlyCount "153"]
[EventDate "2021.10.15"]
[EventType "swiss"]
[EventCountry "NET"]
[SourceTitle "playchess.com"]
[Source "ChessBase"]
[SourceQuality "1"]
[TimeControl "5400+30"]

1. e4 c6 2. d4 d5 3. exd5 cxd5 4. Bd3 Nc6 5. c3 Nf6 6. h3 g6 7. Qc2 Bg7 8. Nf3 Kf8 9. Bf4 e6 10. Nbd2 Ke7 11. Qb3 a6 12. a4 Ke8 13. Rc1 Ng8 14. c4 Bh6 15. Bxh6 Nxh6 16. O-O Kf8 17. Rfe1 Kg7 18. Qc3 Qa5 19. Qxa5 Nxa5 20. cxd5 exd5 21. Rc5 Nc6 22. Bb1 Be6 23. Nb3 Rac8 24. Ng5 Rhe8 25. Rcc1 Bf5 26. g4 Bxb1 27. Rxb1 b6 28. Rbc1 Red8 29. Nf3 Nb4 30. Rxc8 Rxc8 31. Rc1 Rxc1+ 32. Nxc1 Ng8 33. Ne5 Nf6 34. Kf1 Ne4 35. Ncd3 Nxd3 36. Nxd3 Nd2+ 37. Ke2 Nc4 38. Kd1 b5 39. axb5 axb5 40. Kc2 Kf8 41. Nf4 Nb6 42. Kb3 Ke8 43. Kb4 Nc4 44. b3 Nd6 45. Nxd5 Kd8 46. Nc3 Kd7 47. Nxb5 Ne4 48. f3 Nd2 49. f4 Kc6 50. Nc3 Nf1 51. Ka5 Ne3 52. b4 Nc4+ 53. Ka6 Nd6 54. b5+ Kc7 55. b6+ Kb8 56. Na4 Nc8 57. Nc5 Nd6 58. b7 Nxb7 59. Nxb7 Kc7 60. Nc5 Kd6 61. Kb5 Kd5 62. Nb3 h6 63. Kb6 f5 64. gxf5 gxf5 65. Kc7 h5 66. Kd7 h4 67. Ke7 Ke4 68. Ke6 Kxf4 69. d5 Kg3 70. d6 Kxh3 71. d7 Kg2 72. d8=Q h3 73. Qd2+ Kg1 74. Qe3+ Kg2 75. Nd2 Kh2 76. Qf2+ Kh1 77. Nf1 1-0

[Event "EYCC Girls U10 2021"]
[Site "Tornelo"]
[Date "2021.10.15"]
[Round "9.10"]
[White "Kuznetsova, Ekaterina A"]
[Black "Zhou, Leyi Charlotte"]
[Result "1-0"]
[ECO "D35"]
[WhiteElo "1085"]
[BlackElo "1199"]
[Annotator "NA"]
[PlyCount "109"]
[EventDate "2021.10.15"]
[EventType "swiss"]
[EventCountry "NET"]
[SourceTitle "playchess.com"]
[Source "ChessBase"]
[SourceQuality "1"]
[TimeControl "5400+30"]

1. d4 d5 2. c4 e6 3. Nc3 Nf6 4. Bg5 Be7 5. Nf3 Nbd7 6. e3 c6 7. cxd5 exd5 8. Bd3 O-O 9. O-O Re8 10. Re1 Nf8 11. Ne5 Bd6 12. f4 Bb4 13. Qb3 a5 14. a3 Bd6 15. e4 a4 16. Nxa4 Bxe5 17. dxe5 dxe4 18. Bc4 Qd4+ 19. Kh1 Nd5 20. Rad1 Qa7 21. Bxd5 cxd5 22. Nb6 Rb8 23. Nxc8 Rbxc8 24. Re2 Qa6 25. Qe3 Qc4 26. Red2 Rc5 27. b4 Rb5 28. Rd4 Qa2 29. R1d2 Qb1+ 30. Rd1 Qc2 31. h3 Ne6 32. Rxd5 Rxd5 33. Rxd5 Qc4 34. Ra5 h6 35. Bh4 Qf1+ 36. Kh2 Nxf4 37. Qxe4 b6 38. Ra8 Rxa8 39. Qxa8+ Kh7 40. Qf3 Qc4 41. Bg3 Ne2 42. Qf1 Qd3 43. Qf3 Qc4 44. Bf2 Nd4 45. Qe4+ g6 46. Qxd4 Qc1 47. Qxb6 Qxa3 48. Qb7 Qb3 49. b5 Qc4 50. Bg3 h5 51. h4 g5 52. hxg5 h4 53. g6+ Kxg6 54. Qc6+ Qe6 55. Qxe6+ 1-0

[Event "EYCC Girls U10 2021"]
[Site "Tornelo"]
[Date "2021.10.15"]
[Round "9.12"]
[White "Garcia Rodriguez, Adriana"]
[Black "Sunea, Sara Maria"]
[Result "1/2-1/2"]
[ECO "B33"]
[WhiteElo "1160"]
[BlackElo "1342"]
[Annotator "NA"]
[PlyCount "94"]
[EventDate "2021.10.15"]
[EventType "swiss"]
[EventCountry "NET"]
[SourceTitle "playchess.com"]
[Source "ChessBase"]
[SourceQuality "1"]
[TimeControl "5400+30"]

1. e4 c5 2. Nf3 Nc6 3. d4 cxd4 4. Nxd4 Nf6 5. Nc3 e5 6. Ndb5 d6 7. Bg5 a6 8. Na3 b5 9. Nd5 Be7 10. Bxf6 Bxf6 11. c3 Be6 12. Nc2 Bg5 13. Nce3 Bxe3 14. Nxe3 O-O 15. g3 Qd7 16. Bg2 Rad8 17. O-O Bh3 18. Qc2 Bxg2 19. Nxg2 d5 20. Rad1 d4 21. f4 Qe6 22. fxe5 Qxe5 23. Rf5 d3 24. Rxd3 Qxe4 25. Rff3 Ne5 26. Rfe3 Qxd3 27. Rxd3 Nxd3 28. h4 Rfe8 29. Kh2 Ne1 30. Nxe1 Rxe1 31. c4 Red1 32. Kh3 R1d2 33. Qc3 h6 34. cxb5 axb5 35. Qe5 R2d5 36. Qc3 f6 37. Qc6 Kh7 38. a4 bxa4 39. Qxa4 h5 40. b4 Rd2 41. Qc6 R8d4 42. b5 Rb4 43. b6 Rdb2 44. Qd5 Kh6 45. Qg8 Rxb6 46. Qh8+ Kg6 47. Qe8+ Kh7 1/2-1/2